 Dungeon Crawl Stone Soup version 0.27-a0-1217-g8a41f320e8 (webtiles) character file.

Game seed: 14258674228697769820

165 sanka the Charlatan (level 5, -1/40 HPs)
             Began as a Djinni Artificer on June 5, 2021.
             Slain by a gnoll
             ... wielding a +0 halberd
              (9 damage)
             ... on level 3 of the Dungeon.
             The game lasted 00:05:11 (4751 turns).

sanka the Charlatan (Djinni Artificer)              Turns: 4751, Time: 00:05:12

Health: -1/40      AC:  3    Str: 11    XL:     5   Next: 74%
Gold:   126        EV: 12    Int: 13    God:
                   SH:  0    Dex: 14

rFire    + + .     SeeInvis .   m - +0 flail
rCold    x . .     Faith    .   (no shield)
rNeg     . . .     Spirit   .   q - +0 robe
rPois    ∞         Reflect  .   (no helmet)
rElec    .         Harm     .   p - +0 cloak
rCorr    .         Rampage  .   (no gloves)
Will     .....                  (boots unavailable)
Stlth    ++........             (no amulet)
HPRegen  0.13/turn              (no ring)
MPRegen  0.00/turn              (no ring)

@: flying, very slightly contaminated
A: sickness immunity, fire resistance 2, cold vulnerability 1, float, innate
caster, hp casting, extra vitality 1
a: no special abilities


You were on level 3 of the Dungeon.
You visited 1 branch of the dungeon, and saw 3 of its levels.

You collected 126 gold pieces.


Innate Abilities, Weirdness & Mutations

You are immune to sickness and miasma.
You are immune to poison.
Your flesh is very heat resistant. (rF++)
You are vulnerable to cold. (rC-)
You float through the air rather than walking.
You learn spells naturally, not from books.
Your magical power is your life essence.
You have superior vitality. (+4 HP)


   Skills:
 - Level 3.0 Fighting
 - Level 1.0 Armour
 - Level 2.1 Dodging
 - Level 0.7 Stealth
 + Level 3.0 Spellcasting
 - Level 3.0 Evocations


You had 7 spell levels left.
You knew the following spells:

 Your Spells              Type           Power      Damage    Failure   Level
z - Magic Dart            Conj           36%        1d4       7%          1
Z - Static Discharge      Conj/Air       9%         N/A       10%         2
Your spell library was empty.

Inventory:

Hand Weapons
 a - a +0 club
 j - a +0 short sword
 m - a +0 flail (weapon)
Armour
 b - a +0 leather armour
 p - a +0 cloak (worn)
 q - a +0 robe (worn)
Wands
 c - a wand of flame (7) (quivered)
 d - a wand of charming (14)
Scrolls
 f - a scroll of identify {unknown}
 i - 3 scrolls of vulnerability {unknown}
 l - 2 scrolls of fear {unknown}
 n - 3 scrolls of teleportation {unknown}
 r - a scroll of acquirement {unknown}
 s - a scroll of fog {unknown}
Potions
 g - 2 potions of lignification {unknown}
 h - a potion of mutation {unknown}
 k - a potion of attraction {unknown}
 o - 2 potions of heal wounds {unknown}
 t - 2 potions of curing {unknown}
 u - a potion of resistance {unknown}
Miscellaneous
 e - a piece from Xom's chessboard (15/15)

Dungeon Overview and Level Annotations

Branches:
Dungeon (3/15)

Altars:

Shops:
D:1

:
........................
▒.........▒▒▒▒▒▒▒.....
▒▒.▒▒▒▒.▒....▒
▒.......▒▒.▒.▒
▒..)...▒▒...... ▒>....▒▒
..▒▒▒... ▒...gg▒ ▒..▒
... ▒.....▒▒▒..▒ ..
▒....>R....▒
▒.............
▒^....▒▒..▒▒▒▒ ▒.J.!...▒
.▒▒ .......[. ▒
▒.(......▒▒ ▒........▒
£..)....▒


You could see 2 gnolls and an endoplasm.


Message History

The lightning grounds out.
The gnoll shouts!
The gnoll hits you but does no damage.
You miscast Static Discharge.
You are very lightly contaminated with residual magic.
Nothing appears to happen.
The gnoll hits you with a +0 spear.
* * * LOW HITPOINT WARNING * * *
The gnoll is struck by an arc of lightning.
The gnoll is almost dead.
The lightning grounds out.
* * * LOW HITPOINT WARNING * * *
The gnoll hits you with a +0 spear.
* * * LOW HITPOINT WARNING * * *
The gnoll hits you but does no damage.
The gnoll hits you from afar with a +0 spear.
* * * LOW HITPOINT WARNING * * *
Aiming: Magic Dart (safe; 7% risk of failure)
Aim: a gnoll, wielding a +0 spear and carrying a wand of digging (3) (almost dead, 100% to hit)
The magic dart hits the gnoll.
You kill the gnoll!
* * * LOW HITPOINT WARNING * * *
The gnoll hits you from afar with a +0 halberd.
* * * LOW HITPOINT WARNING * * *
Your Spellcasting skill increases to level 3!
An endoplasm comes into view.
Found a short sword and 8 gold pieces.
There is a stone staircase leading down here.
The gnoll hits you from afar with a +0 halberd!
You die...

Action                   |  1- 3 |  4- 6 || total
-------------------------+-------+-------++-------
Melee: Club              |    51 |       ||    51
       Short sword       |    22 |       ||    22
       Flail             |    16 |    82 ||    98
 Cast: Magic Dart        |       |    48 ||    48
       Static Discharge  |       |     9 ||     9
Evoke: Wand              |     4 |     5 ||     9
 Stab: Sleeping          |       |     3 ||     3
Armor: Leather armour    |    27 |     7 ||    34
       Robe              |       |    36 ||    36
Dodge: Dodged            |    77 |    88 ||   165

Levels and vault maps discovered:
D:1:      dpeg_cavernosity, layout_basic, serial_shops, nicolae_shop_waterfront,
          st_stairs_10, chequers_serial_rivers_large_a
D:2:      layout_loops_corners, ebering_ecumenical_altar_webs,
          kennysheep_minor_cross, uniq_terence
D:3:      kennysheep_the_goblin_king, layout_rooms, pf_just_have_faith,
          lemuel_tele_altar, minmay_unequal

Notes
Turn   | Place    | Note
-------+----------+-------------------------------------------
     0 | D:1      | sanka the Djinni Artificer began the quest for the Orb.
     0 | D:1      | Reached XP level 1. HP: 17/17 MP: 0/0
   705 | D:1      | Reached skill level 2 in Fighting
   705 | D:1      | Reached XP level 2. HP: 20/23 MP: 0/0
  1260 | D:1      | Found Oceuhum's Book Shop.
  1361 | D:1      | Reached skill level 3 in Fighting
  1361 | D:1      | Reached XP level 3. HP: 30/30 MP: 0/0
  1361 | D:1      | Learned a level 1 spell: Magic Dart
  1670 | D:1      | Reached skill level 1 in Spellcasting
  1777 | D:1      | Reached XP level 4. HP: 34/35 MP: 0/0
  2509 | D:2      | Noticed Terence
  2528 | D:2      | Killed Terence
  2884 | D:2      | Found a faded altar of an unknown god.
  3086 | D:2      | Reached skill level 2 in Spellcasting
  3605 | D:2      | Reached XP level 5. HP: 20/40 MP: 0/0
  3605 | D:2      | Learned a level 2 spell: Static Discharge
  4749 | D:3      | Reached skill level 3 in Spellcasting
  4751 | D:3      | Slain by a gnoll

Vanquished Creatures
  An orc priest (D:2)
  Terence (D:2)
  3 gnolls
  A worm (D:2)
  3 dart slugs
  5 orcs
  3 endoplasms
  5 giant cockroaches
  8 goblins
  4 hobgoblins
  7 jackals
  5 ball pythons
  7 bats
  4 frilled lizards
  5 kobolds
  A rat (D:1)
63 creatures vanquished.

Vanquished Creatures (collateral kills)
  A ball python (D:1)
1 creature vanquished.

Grand Total: 64 creatures vanquished
